 Dungeon Crawl Stone Soup version 0.20.1-1-g8b1a95d (webtiles) character file.

338 Haldmier the Cudgeler (level 6, -2/44 HPs)
             Began as a Human Warper on Oct 15, 2017.
             Slain by a scorpion (5 damage)
             ... on level 4 of the Dungeon.
             The game lasted 00:16:40 (5296 turns).

Haldmier the Cudgeler (Human Warper)                Turns: 5296, Time: 00:16:41

Health: -2/44      AC:  7    Str: 12 (14) XL:     6   Next: 85%
Magic:  19/19      EV: 11    Int: 11 (13) God:
Gold:   140        SH:  0    Dex: 11 (12) Spells: 6/10 levels left

rFire    . . .     SeeInvis .   a - +1 mace
rCold    . . .     Gourm    .   (no shield)
rNeg     . . .     Faith    .   n - +1 ring mail
rPois    .         Spirit   .   (no helmet)
rElec    .         Reflect  .   (no cloak)
rCorr    .         Harm     .   j - +0 pair of gloves
MR       .....                  (no boots)
Stlth    +.........             (no amulet)
Regen    0.2/turn               g - ring of magical power
MPRegen  0.2/turn               (no ring)

@: lethally poisoned (-2 -> -16)
A: no striking features
a: no special abilities


You were on level 4 of the Dungeon.
You were not hungry.

You visited 1 branch of the dungeon, and saw 4 of its levels.
You also visited: Sewer.

You collected 140 gold pieces.

Inventory:

Hand Weapons
 a - a +1 mace (weapon)
Missiles
 e - 5 tomahawks of dispersal
 r - 62 stones (quivered)
Armour
 b - a +0 chain mail
 j - a +0 pair of gloves (worn)
 k - a +2 scale mail of poison resistance
 n - a +1 ring mail (worn)
Jewellery
 g - a ring of magical power (left hand)
 i - a +3 ring of intelligence {unknown}
Wands
 l - a wand of random effects (21/48)
Scrolls
 d - a scroll of blinking
 h - 2 scrolls of remove curse
 m - a scroll of identify {unknown}
 s - 2 scrolls of enchant armour
Books
 c - a book of Spatial Translocations

   Spells                             Type                      Level
   a - Blink                          Translocation                2
   b - Shroud of Golubria             Charms/Translocation         2
   c - Lesser Beckoning               Translocation                3
   d - Gell's Gravitas                Translocation                3
   e - Teleport Other                 Translocation                3
   f - Passage of Golubria            Translocation                4
Comestibles
 f - 4 bread rations
 o - 2 meat rations
 p - 3 royal jellies


   Skills:
 - Level 2.0 Fighting
 * Level 4.4 Maces & Flails
 - Level 1.0 Throwing
 - Level 1.0 Armour
 - Level 2.0 Dodging
 + Level 2.7 Spellcasting
 + Level 3.2 Charms
 - Level 4.0 Translocations


You had 6 spell levels left.
You knew the following spells:

 Your Spells              Type           Power        Failure   Level  Hunger
a - Shroud of Golubria    Chrm/Tloc      #.........   21%         2    ###....
b - Blink                 Tloc           N/A          17%         2    ###....


Dungeon Overview and Level Annotations

Branches:
Dungeon (4/15)
 Temple: D:4-7

Altars:
Elyvilon


Message History

You feel sick.
The scorpion stings you but does no damage.
You hit the scorpion.
The scorpion is severely wounded.
You feel sick. The scorpion completely misses you.
You hit the scorpion.
The scorpion is severely wounded.
You feel sick. The scorpion stings you.
* * * LOW HITPOINT WARNING * * *
You are more poisoned.
The scorpion poisons you!
You hit the scorpion.
The scorpion is almost dead.
* * * LOW HITPOINT WARNING * * *
You feel sick. The scorpion closely misses you.
You hit the scorpion but do no damage.
The scorpion is almost dead.
* * * LOW HITPOINT WARNING * * *
You feel sick. The scorpion stings you.
You die...

### .... .....
......###
.......<#####.##
....%....@.....#
.........s.....#
.....)......?..#
....%..........#
......#######.##
...... .# ######
#


You could see a scorpion.

Vanquished Creatures
  A bullfrog skeleton (D:3)
  An orc wizard (D:3)
  Jessica (D:2)
  6 gnolls
  9 adders
  3 worms (D:2)
  6 dart slugs
  8 leopard geckos
  3 orcs (D:3)
  10 bats
  4 giant cockroaches
  10 hobgoblins
  6 jackals
  10 kobolds
  A ball python (D:2)
  5 frilled lizards
  7 goblins
  3 rats
94 creatures vanquished.

Notes
Turn   | Place    | Note
-------+----------+-------------------------------------------
     0 | D:1      | Haldmier the Human Warper began the quest for the Orb.
     0 | D:1      | Reached XP level 1. HP: 16/16 MP: 3/3
   423 | D:1      | Reached XP level 2. HP: 22/22 MP: 5/5
   427 | D:1      | Learned a level 2 spell: Blink
   430 | D:1      | Learned a level 2 spell: Shroud of Golubria
  1281 | D:1      | Reached XP level 3. HP: 19/27 MP: 6/6
  1481 | D:1      | Reached skill level 1 in Charms
  1546 | D:1      | HP: 2/40 [poisoned by an adder]
  1551 | D:1      | HP: 1/27 [poisoned by an adder]
  1838 | D:2      | Noticed Jessica
  1853 | D:2      | Killed Jessica
  1853 | D:2      | Reached XP level 4. HP: 12/33 MP: 7/7
  2497 | D:2      | Reached XP level 5. HP: 29/38 MP: 8/8
  3277 | D:3      | Found a glowing drain.
  3301 | Sewer    | Entered a sewer
  3344 | D:3      | Reached XP level 6. HP: 6/44 MP: 9/9
  3346 | D:3      | HP: 2/44 [giant cockroach (1)]
  3730 | D:3      | Found a white marble altar of Elyvilon.
  5296 | D:4      | Slain by a scorpion

Skill      XL: |  1  2  3  4  5  6 |
---------------+-------------------+-----
Maces & Flails | 3 4 |  4.4
Charms         | 1 2 3 |  3.2
Translocations | 4 |  4.0
Fighting       | |  2.0
Throwing       | |  1.0
Armour         | |  1.0
Dodging        | |  2.0
Spellcasting   | |  2.7

Action                   |  1- 3 |  4- 6 || total
-------------------------+-------+-------++-------
Melee: Mace              |   108 |   360 ||   468
 Cast: Shroud of Golubri |     4 |    28 ||    32
       Blink             |       |     1 ||     1
  Use: Potion            |     3 |     1 ||     4
       Scroll            |       |     5 ||     5
  Eat: Chunk             |     2 |    16 ||    18
Armor: Leather armour    |     9 |       ||     9
       Ring mail         |    29 |   176 ||   205
Dodge: Dodged            |    57 |   289 ||   346
